 Dungeon Crawl Stone Soup version 0.27-a0-1281-ge233d83751 (webtiles) character file.

Game seed: 2161801288986097198

96415 Delamore the Peltast (level 16, -11/102 (108) HPs)
             Began as a Formicid Fighter on June 14, 2021.
             Was an Initiate of Gozag.
             Killed from afar by a black draconian (19 damage)
             ... with a bolt of lightning
             ... on level 2 of the Abyss.
             The game lasted 00:38:31 (26640 turns).

Delamore the Peltast (Formicid Fighter)            Turns: 26640, Time: 00:38:31

HP:   -11/102 (108) AC: 19    Str: 26      XL:     16   Next: 66%
MP:   12/12         EV:  7    Int: 10 (12) God:    Gozag
Gold: 861           SH: 20    Dex:  6      Spells: 15/15 levels left

rFire    + . .     SeeInvis +   a - +1 war axe (venom)
rCold    + . .     Faith    .   k - +0 tower shield
rNeg     . . .     Spirit   .   t - +1 plate armour of the Sea {-Tele rC+ Regen+ Int+2}
rPois    .         Reflect  .   (helmet unavailable)
rElec    .         Harm     .   P - +0 cloak
rCorr    +         Rampage  .   o - +0 pair of gloves
Will     +....                  u - +0 pair of boots
Stlth    ..........             M - amulet of regeneration
HPRegen  2.27/turn              N - ring of protection from fire
MPRegen  0.13/turn              G - ring of resist corrosion

@: drained
A: permanent stasis, dig shafts and tunnels, antennae 3, four strong arms,
[clumsy 2], [deterioration 2], [frail 2], [low mp 2]
a: Dig, Shaft Self, Renounce Religion, Potion Petition, Call Merchant, Bribe
Branch


You were on level 2 of the Abyss.
You worshipped Gozag.
Gozag was pleased with you.
You visited 4 branches of the dungeon, and saw 24 of its levels.
You visited the Abyss 1 time.
You also visited: Bailey and Gauntlet.

You collected 8873 gold pieces.
You spent 1683 gold pieces at shops.
You paid 6329 gold pieces to Gozag.

Inventory:

Hand Weapons
 a - a +1 war axe of venom (weapon)
 g - a +5 demon trident of freezing
 R - a +7 executioner's axe of draining
Missiles
 d - 8 silver javelins
 s - 43 boomerangs (quivered)
 w - 20 javelins
 x - 50 poisoned darts
 z - 7 atropa-tipped darts
 B - 3 curare-tipped darts
Armour
 k - a +0 tower shield (worn)
 o - a +0 pair of gloves (worn)
 t - the +1 plate armour of the Sea (worn) {-Tele rC+ Regen+ Int+2}
   (You bought it in a shop on level 9 of the Dungeon)

   It affects your intelligence (+2).
   It protects you from cold.
   It prevents most forms of teleportation.
   It increases your rate of health regeneration.
 u - a +0 pair of boots (worn)
 P - a +0 cloak (worn)
Jewellery
 e - the amulet "Tajiklyph" {Reflect Harm rPois Will+ SH+5}
   (You found it on level 13 of the Dungeon)

   [amulet of reflection]

   It reflects blocked missile attacks.
   It protects you from poison.
   It affects your SH (+5).
   It increases damage dealt and taken.
   It increases your willpower.
 j - a ring of protection from cold
 n - a ring of fire
 G - a ring of resist corrosion (right hand)
 J - a ring of flight
 M - an amulet of regeneration (around neck)
 N - a ring of protection from fire (left hand)
Wands
 m - a wand of iceblast (28)
 p - a wand of flame (71)
 v - a wand of charming (14)
 I - a wand of paralysis (22)
 Q - a wand of mindburst (12)
 V - a wand of acid (8)
 W - a wand of digging (4)
Scrolls
 f - 7 scrolls of magic mapping
 q - 4 scrolls of immolation
 A - 4 scrolls of fog
 D - 3 scrolls of fear
 E - 4 scrolls of enchant armour
 K - 3 scrolls of amnesia
 L - 2 scrolls of holy word
 X - 6 scrolls of identify
Potions
 b - 3 potions of flight
 c - a potion of resistance
 h - 4 potions of brilliance
 i - 3 potions of mutation
 l - 3 potions of cancellation
 r - 13 potions of ambrosia
 C - 2 potions of invisibility
 F - a potion of attraction
 S - a potion of might
 Z - 5 potions of curing


   Skills:
 - Level 15.0 Fighting
 * Level 14.7 Axes
 - Level 10.0 Throwing
 - Level 10.0 Armour
 - Level 15.0 Shields
 + Level 9.8 Evocations


You had 15 spell levels left.
You didn't know any spells.
Your spell library contained the following spells:

 Spells                   Type           Power      Damage    Failure   Level
 Animate Skeleton         Necr           0%         N/A       98%         1
 Corona                   Hex            0%         N/A       98%         1
 Magic Dart               Conj           0%         1d3       98%         1
 Pain                     Necr           0%         1d4       98%         1
 Sandblast                Erth           0%         2d4       98%         1
 Shock                    Conj/Air       0%         1d3       98%         1
 Call Imp                 Summ           0%         N/A       99%         2
 Passwall                 Tmut/Erth      0%         N/A       99%         2
 Slow                     Hex            0%         N/A       99%         2
 Conjure Flame            Conj/Fire      0%         6-21      100%        3
 Inner Flame              Hex/Fire       0%         N/A       100%        3
 Mephitic Cloud           Conj/Pois/Air  0%         N/A       100%        3
 Portal Projectile        Hex/Tloc       0%         N/A       100%        3
 Stone Arrow              Conj/Erth      0%         3d7       100%        3
 Vampiric Draining        Necr           0%         2d6       100%        3
 Animate Dead             Necr           0%         N/A       100%        4
 Cause Fear               Hex            0%         N/A       100%        4
 Leda's Liquefaction      Hex/Erth       0%         N/A       100%        4
 Petrify                  Tmut/Erth      0%         N/A       100%        4
 Agony                    Necr           0%         N/A       100%        5
 Bolt of Magma            Conj/Fire/Erth 0%         4d4       100%        5
 Borgnjor's Vile Clutch   Necr/Erth      0%         N/A       100%        5
 Irradiate                Conj/Tmut      0%         3d13      100%        5
 Iskenderun's Battlesphe  Conj           0%         2d6       100%        5
 Lee's Rapid Deconstruct  Erth           0%         3d5*      100%        5
 Blade Hands              Tmut           0%         N/A       100%        6
 Death Channel            Necr           0%         N/A       100%        6
 Iron Shot                Conj/Erth      0%         9d1       100%        6
 Simulacrum               Ice/Necr       0%         N/A       100%        6
 Statue Form              Tmut/Erth      0%         N/A       100%        6
 Dragon Form              Tmut           0%         N/A       100%        7
 Orb of Destruction       Conj           0%         N/A       100%        7
 Spellforged Servitor     Conj/Summ      0%         N/A       100%        7
 Storm Form               Tmut/Air       0%         N/A       100%        7
 Blink                    Tloc           Unusable   N/A       N/A         2

Dungeon Overview and Level Annotations

Branches:
Dungeon (15/15)            Temple (1/1) D:6            Lair (6/6) D:9
  Swamp (0/4) Lair:3        Snake (0/4) Lair:4        Slime (0/5) Lair:6
    Orc (2/2) D:12            Elf (0/3) Orc:2        Vaults (0/5) D:13
 Depths (0/5) D:15         Bailey (visited)         Gauntlet (visited)

Altars:
Ashenzari
Cheibriados
Dithmenos
Elyvilon
Fedhas
Gozag
Hepliaklqana
Kikubaaqudgha
Makhleb
Nemelex Xobeh
Okawaru
Qazlal
Ru
Sif Muna
Trog
Uskayaw
Vehumet
Wu Jian
Xom
Yredelemnul
Zin
The Shining One
Beogh
Jiyva

Shops:
D:8 [   D:9 [   D:11 [   D:15 [   Orc:1 *   Orc:2 :   Lair:3 =   Lair:5 [

Portals:
Trove: D:12 (give +5 ice dragon scales)

Annotations:
Lair:3 2 runed translucent doors, dricus's ghost, journeyman GrFi
Lair:4 3 runed translucent doors, Belaica's ghost, journeyman HOFE
Orc:2 Erolcha; Saint Roka


Innate Abilities, Weirdness & Mutations

You cannot be hasted, slowed, berserked, paralysed or teleported.
You can dig through walls and to a lower floor.
You have a pair of large antennae on your head. (SInv)
Your four strong arms can wield two-handed weapons with a shield.
[You are very clumsy. (Dex -4)]
[Your body often deteriorates upon taking damage.]
[You are very frail. (-20% HP)]
[Your magical capacity is very low. (-20% MP)]


Message History

You are too injured to fight recklessly!
You are too injured to fight recklessly!
You are too injured to fight recklessly!
You are too injured to fight recklessly!
You are too injured to fight recklessly!
You are too injured to fight recklessly!
You are too injured to fight recklessly!
You are too injured to fight recklessly!
You are too injured to fight recklessly!
You hit the black draconian.
The black draconian looks as sick as possible!
The black draconian is lightly wounded.
The black draconian closely misses you.
You barely miss the black draconian.
The black draconian is lightly wounded.
Your plate armour of the Sea prevents you from hitting the black draconian.
The black draconian is moderately wounded.
The black draconian hits you with a +0 battleaxe.
You hit the black draconian but do no damage.
The black draconian looks as sick as possible!
The black draconian is lightly wounded.
You block the black draconian's attack.
You closely miss the black draconian.
The black draconian is moderately wounded.
You block the black draconian's attack.
You closely miss the black draconian.
The black draconian is moderately wounded.
You hit the black draconian but do no damage.
The black draconian looks as sick as possible!
The black draconian is moderately wounded.
You block the black draconian's attack.
You closely miss the black draconian.
The black draconian is moderately wounded.
The black draconian breathes lightning at you.
The bolt of lightning hits you!!!
* * * LOW HITPOINT WARNING * * *
Your body deteriorates!
You feel dopey. The bolt of lightning hits you!!
You die...
Your body crumbles into a pile of gold.

...# . .. .. . ...
#.. . .... #. ..# #
........ . . ...#
.......≈. . . ...
#......#.. .3#.
.#.##......... .
... #..#........ .
. ##.#)........
[...
..#.@.$$$......
.......$##d......
..
.......##.........#
....... #...... #
......##..##...###
### ##.. #?.## .# .
# ##.. . . .# ..# .
#


You could see a black draconian (extremely poisoned, catching breath).

Vanquished Creatures
  Gastronok (D:8)
  Nessos (D:15)
  A minotaur (shapeshifter) (D:13)
  A minotaur (Gauntlet)
  A dire elephant (D:15)
  Josephine (D:14)
  An ice dragon (D:13)
  A boulder beetle (D:12)
  An ogre mage (Orc:2)
  7 hydras
  7 centaur warriors
  3 catoblepae (Lair:6)
  2 death knights
  2 two-headed ogres
  Urug (D:13)
  3 death yaks (Lair:6)
  Sonja (D:13)
  Nergalle (Orc:2)
  3 sixfirhies (Gauntlet)
  A wretched star (Abyss:2)
  A swamp dragon (Lair:6)
  Pikel (D:8)
  A wizard (D:15)
  2 deep elf pyromancers
  2 phantasmal warriors (D:13)
  A wolf spider (D:15)
  4 manticores
  4 cyclopes
  An oklob plant (Lair:4)
  8 ugly things
  5 orc sorcerers (Orc:2)
  A worldbinder (Abyss:2)
  23 elephants
  5 black mambas
  2 smoke demons
  7 cane toads
  3 gargoyles
  2 kobold demonologists
  An orange demon (Abyss:2)
  Psyche (D:8)
  A minotaur zombie (Gauntlet)
  A rime drake (Lair:4)
  An efreet (Abyss:2)
  11 komodo dragons
  A yaktaur (D:15)
  2 tengu conjurers
  2 freezing wraiths
  A red devil (Gauntlet)
  7 trolls
  A meliai (shapeshifter) (D:15)
  6 meliai
  A queen bee (Lair:4)
  Grinder (D:5)
  2 polar bears
  A hornet (D:9)
  5 dream sheep (Lair:6)
  6 blink frogs
  10 slime creatures
  A shadow (D:11)
  8 flying skulls
  66 yaks
  6 wraiths
  A ynoxinul (Abyss:2)
  A large abomination (Abyss:2)
  2 wyverns
  3 basilisks
  20 vampire mosquitoes
  A neqoxec (Abyss:2)
  A steam dragon (Lair:2)
  A hell hound (Abyss:2)
  A sky beast (D:8)
  19 water moccasins
  Duvessa (D:5)
  2 swamp drakes (Lair:6)
  17 orc warriors
  5 ice beasts
  6 black bears
  The ghost of Sergey the Sneak, an amateur DDDe (D:7)
  6 ogres
  A necrophage (D:7)
  15 centaurs
  12 wolves
  A manticore skeleton (Abyss:2)
  14 bullfrogs
  A gnoll sergeant (D:9)
  2 kobold brigands
  Dowan (D:5)
  3 scorpions
  A wyvern skeleton (D:7)
  13 wights
  32 killer bees
  A vampire bat (D:11)
  An electric eel (D:11)
  5 howler monkeys
  2 crimson imps (Gauntlet)
  5 centaur zombies
  2 bullfrog zombies (D:6)
  5 hounds
  3 bullfrog skeletons
  16 orc priests
  A centaur skeleton (D:7)
  An iron imp (D:10)
  Ijyb (D:5)
  2 iguanas (D:6)
  29 orc wizards
  A killer bee zombie (D:7)
  6 gnolls
  7 adders
  A howler monkey skeleton (D:6)
  7 white imps
  2 ufetubi
  An adder skeleton (D:4)
  2 worms
  2 dart slugs
  60 orcs
  5 ball pythons
  11 bats
  2 endoplasms
  3 giant cockroaches
  11 goblins
  4 hobgoblins
  6 jackals
  29 kobolds
  4 quokkas
  3 frilled lizards
  9 rats
690 creatures vanquished.

Vanquished Creatures (collateral kills)
  A basilisk (Lair:2)
1 creature vanquished.

Vanquished Creatures (others)
  4 yaktaurs (D:15)
  An orc wizard (Orc:2)
  22 fungi
  30 plants
  2 withered plants (D:15)
59 creatures vanquished.

Grand Total: 750 creatures vanquished

Notes
Turn   | Place    | Note
-------+----------+-------------------------------------------
     0 | D:1      | Delamore the Formicid Fighter began the quest for the Orb.
     0 | D:1      | Reached XP level 1. HP: 18/18 MP: 1/1
   354 | D:1      | Reached XP level 2. HP: 22/24 MP: 2/2
   694 | D:1      | Reached XP level 3. HP: 24/30 MP: 3/3
  1535 | D:2      | Reached XP level 4. HP: 35/37 MP: 4/4
  2074 | D:3      | Reached XP level 5. HP: 35/42 MP: 5/5
  2420 | D:3      | Found a faded altar of an unknown god.
  2688 | D:4      | Reached skill level 5 in Axes
  2688 | D:4      | Reached XP level 6. HP: 36/48 MP: 6/6
  3407 | D:4      | Reached XP level 7. HP: 33/55 MP: 7/7
  4057 | D:4      | Found a shimmering altar of Xom.
  4161 | D:5      | Entered Level 5 of the Dungeon
  4170 | D:5      | Noticed Ijyb
  4170 | D:5      | Noticed Duvessa
  4179 | D:5      | Killed Ijyb
  4182 | D:5      | Noticed Dowan
  4187 | D:5      | Killed Duvessa
  4187 | D:5      | Killed Dowan
  4188 | D:5      | Reached skill level 5 in Fighting
  4188 | D:5      | Reached XP level 8. HP: 56/62 MP: 8/8
  4217 | D:5      | Noticed Grinder
  4469 | D:5      | Killed Grinder
  5165 | D:6      | Found a staircase to the Ecumenical Temple.
  5175 | Temple   | Entered the Ecumenical Temple
  5345 | Temple   | Became a worshipper of Gozag Ym Sagoz the Greedy
  5500 | D:6      | Reached XP level 9. HP: 68/68 MP: 9/9
  5514 | D:6      | Reached skill level 10 in Axes
  6488 | D:6      | Reached skill level 5 in Shields
  6601 | D:6      | Reached XP level 10. HP: 53/74 MP: 10/10
  6934 | D:6      | Found a bloodstained altar of Trog.
  7303 | D:7      | Found a runed translucent gate.
  7308 | D:7      | Found a runed translucent gate.
  7353 | D:7      | Reached skill level 5 in Armour
  7616 | D:7      | Noticed Sergey's ghost (amateur DDDe)
  7642 | D:7      | Found a runed translucent gate.
  8202 | D:7      | Found a broken altar of Ashenzari.
  8767 | D:7      | Killed Sergey's ghost
  9333 | D:8      | Noticed Gastronok
  9359 | D:8      | Killed Gastronok
  9360 | D:8      | Reached XP level 11. HP: 31/79 MP: 11/11
  9974 | D:8      | Noticed a two-headed ogre
  9975 | D:8      | Noticed Psyche
  9980 | D:8      | Killed a two-headed ogre
  9988 | D:8      | Killed Psyche
 10847 | D:8      | Found a shimmering blue altar of Sif Muna.
 10898 | D:8      | Identified Sif Muna's Reference Book on Arcane Weapons
 11025 | D:9      | Noticed Pikel
 11034 | D:8      | Killed Pikel
 11317 | D:8      | Bought the +3 chain mail of a Labyrinth {Regen+} for 397
                  | gold pieces
 11345 | D:9      | Found a staircase to the Lair.
 11414 | D:9      | Found an ornate altar of the Wu Jian Council.
 11636 | Lair:1   | Entered Level 1 of the Lair of Beasts
 12021 | Lair:1   | Reached XP level 12. HP: 52/86 MP: 12/12
 12080 | Lair:1   | Reached skill level 10 in Shields
 12792 | Lair:2   | Identified the +8 morningstar "Tuetz" {vorpal, Will+ Int+2}
 12897 | Lair:2   | Reached skill level 10 in Armour
 13249 | Lair:3   | Found a runed translucent door.
 13289 | Lair:3   | Found a staircase to the Swamp.
 13866 | Lair:3   | Reached XP level 13. HP: 63/91 MP: 13/13
 14040 | Lair:3   | Found a runed translucent door.
 14040 | Lair:3   | Identified the +8 trident of Forced Transition {flame,
                  | rC+++ Str-3 Int-3 Dex+7}
 14042 | Lair:3   | Noticed dricus's ghost (journeyman GrFi)
 14226 | Lair:3   | Noticed a four-headed hydra
 14402 | Lair:4   | Noticed a four-headed hydra
 14624 | Lair:4   | Killed a 19-headed hydra
 14625 | Lair:4   | Reached skill level 15 in Shields
 14672 | Lair:4   | Reached skill level 1 in Throwing
 14736 | Lair:4   | Found a staircase to the Snake Pit.
 15096 | Lair:4   | Noticed a four-headed hydra
 15109 | Lair:4   | Killed a four-headed hydra
 15326 | Lair:4   | Reached skill level 5 in Throwing
 15428 | Lair:4   | Found a runed translucent gate.
 15428 | Lair:4   | Found a runed translucent gate.
 15429 | Lair:4   | Found a runed translucent gate.
 15762 | Lair:4   | Noticed an 11-headed hydra
 15762 | Lair:4   | Noticed Belaica's ghost (journeyman HOFE)
 15762 | Lair:4   | Noticed a 12-headed hydra
 15763 | Lair:4   | Noticed a ten-headed hydra
 16133 | Lair:5   | Reached XP level 14. HP: 106/106 MP: 14/14
 16745 | Lair:5   | Bought a jewelled scale mail for 306 gold pieces
 16745 | Lair:5   | Identified the +3 scale mail "Guef Amu" {Int+3 Dex+3} (You
                  | bought it in a shop on level 5 of the Lair of Beasts)
 16769 | Lair:6   | Entered Level 6 of the Lair of Beasts
 16932 | Lair:6   | Found a staircase to the Slime Pits.
 16932 | Lair:6   | Found a viscous altar of Jiyva.
 16962 | Lair:6   | Found a gate leading to a gauntlet.
 16981 | Gauntlet | Entered a Gauntlet
 16981 | Gauntlet | Found a transporter.
 16991 | Gauntlet | Found a transporter.
 16992 | Gauntlet | Found a transporter.
 17007 | Gauntlet | Found a transporter.
 17009 | Gauntlet | Found a transporter.
 17020 | Gauntlet | Found a transporter.
 17034 | Gauntlet | Found a runed translucent door.
 17036 | Gauntlet | Found a transporter.
 17038 | Gauntlet | Found a runed translucent door.
 17044 | Gauntlet | Found a transporter.
 17063 | Gauntlet | Found a runed translucent door.
 17064 | Gauntlet | Found a transporter.
 17065 | Gauntlet | Found a runed translucent door.
 17068 | Gauntlet | Found a transporter.
 17078 | Gauntlet | Found a transporter.
 17085 | Gauntlet | Found a transporter.
 17114 | Gauntlet | Found a transporter.
 17119 | Gauntlet | Found a transporter.
 17259 | Gauntlet | Reached skill level 10 in Fighting
 17357 | Gauntlet | Noticed a minotaur
 17387 | Gauntlet | Killed a minotaur
 17394 | Gauntlet | Identified the +6 scimitar of Gluttony {vorpal, rPois rN++
                  | Int-4 SInv}
 18718 | Lair:6   | Reached XP level 15. HP: 120/120 MP: 15/15
 19184 | Lair:5   | Reached skill level 10 in Throwing
 19282 | D:10     | Entered Level 10 of the Dungeon
 19452 | D:10     | Found a snail-covered altar of Cheibriados.
 19945 | D:9      | Bought an encrusted plate armour for 980 gold pieces
 19945 | D:9      | Identified the +1 plate armour of the Sea {-Tele rC+ Regen+
                  | Int+2} (You bought it in a shop on level 9 of the Dungeon)
 20264 | D:11     | Reached skill level 1 in Evocations
 20311 | D:11     | Found Orra's Antique Armour Shop.
 20765 | D:12     | Found a staircase to the Orcish Mines.
 20964 | D:12     | Found a portal to a secret trove of treasure.
 21405 | D:13     | Identified the amulet "Tajiklyph" {Reflect Harm rPois Will+
                  | SH+5}
 21494 | D:13     | Found a flagged portal.
 21528 | D:13     | Identified the +0 hand axe of Bodily Harmony {vorpal, rPois
                  | rCorr}
 21537 | Bailey   | Entered a bailey
 21686 | Bailey   | Found a bloodstained altar of Trog.
 21833 | D:13     | You fall into a shaft and drop 2 floors!
 21833 | D:15     | Entered Level 15 of the Dungeon
 21842 | D:15     | Reached skill level 5 in Evocations
 21865 | D:15     | Found an ancient bone altar of Kikubaaqudgha.
 22174 | D:13     | Noticed Urug
 22190 | D:13     | Killed Urug
 22309 | D:13     | Found a hide-covered altar of Uskayaw.
 22346 | D:13     | Noticed Sonja
 22420 | D:13     | Killed Sonja
 22523 | D:13     | Found a gate to the Vaults.
 22523 | D:13     | Noticed a ghost moth
 22530 | D:13     | a ghost moth changed into an ice dragon
 22540 | D:13     | Noticed a quicksilver ooze
 22542 | D:13     | Noticed an emperor scorpion
 22542 | D:13     | a quicksilver ooze changed into an emperor scorpion
 22549 | D:13     | an emperor scorpion changed into a minotaur
 22578 | D:13     | Noticed an emperor scorpion
 22578 | D:13     | an eight-headed hydra changed into an emperor scorpion
 22583 | D:13     | an emperor scorpion changed into a minotaur
 23083 | D:14     | Noticed Josephine
 23092 | D:14     | Reached XP level 16. HP: 124/133 MP: 16/16
 23095 | D:14     | Killed Josephine
 23757 | D:15     | Noticed Nessos
 23823 | D:15     | Killed Nessos
 24496 | D:15     | Identified a scroll of acquirement
 24498 | D:15     | Acquired a +2 vorpal executioner's axe
 24530 | D:15     | Found a staircase to the Depths.
 24550 | D:15     | Reached skill level 15 in Fighting
 25013 | Orc:1    | Entered Level 1 of the Orcish Mines
 25251 | Orc:1    | Found a runed translucent door.
 25252 | Orc:1    | Found Sishra's Mayhem Merchandise.
 25402 | Orc:1    | Identified the +7 mace of the Baking Hawk {vorpal, Drain
                  | Str+7}
 25436 | Orc:2    | Entered Level 2 of the Orcish Mines
 25539 | Orc:2    | Found a staircase to the Elven Halls.
 26180 | Orc:2    | Noticed Nergalle
 26181 | Orc:2    | Found an ancient bone altar of Kikubaaqudgha.
 26189 | Orc:2    | Noticed Saint Roka
 26199 | Orc:2    | Killed Nergalle
 26200 | Orc:2    | Found Wenismy's Book Shoppe.
 26227 | Orc:2    | HP: 5/122 [orc priest/nerve-wracking pain[Saint Roka] (6)]
 26330 | Orc:2    | Noticed Erolcha
 26354 | Orc:2    | Cast into level 2 of the Abyss (Erolcha)
 26640 | Abyss:2  | Killed from afar by a black draconian

Illustrated notes

Levels and vault maps discovered:
D:1:      minmay_arrival_cross, layout_basic
D:2:      layout_basic, serial_bayou_pond_e
D:3:      minmay_octagon_keep, layout_basic,
          chequers_ecumenical_altar_simple_redux
D:4:      layout_rooms, lemuel_coloured_pillars_altar, patterned_corridor
D:5:      layout_cave_pools, uniq_ijyb, uniq_grinder, uniq_duvessa
D:6:      layout_cave_pods, lightli_temple_of_fire,
          minmay_temple_entry_sparse_star
D:7:      layout_basic, lemuel_tele_altar, gammafunk_ghost_icy
D:8:      layout_loops_cross, led_sif_book, minmay_crystal_room, uniq_psyche,
          uniq_gastronok
D:9:      layout_rooms, nicolae_wu_jian_wuxing_cycle, lair_entry_dummy,
          grunt_ministairs_10, uniq_pikel
D:10:     layout_gridville, slow_altar_2
D:11:     layout_cave_pools, serial_shops, shop, nrook_pool_corridor,
          roderic_batcave
D:12:     layout_roguey, erik_orc_4, nicolae_trove_entry_columns,
          lemuel_flame_loot_1
D:13:     layout_roguey, david_vaults_4, enter_bailey_3, grunt_ministairs_12,
          dancing_weapons_uskayaw, uniq_urug, uniq_sonja
D:14:     layout_cave_pods, minmay_holes, uniq_josephine
D:15:     hangedman_depths_entry_try_elsewhere_first, layout_long_grid,
          kiku_gazebo_garden_becter, nicolae_water_bricks, st_stairs_12,
          lemuel_nasty_fountain, uniq_nessos
Temple:   eino_temple_rhombus
Lair:1:   layout_long_grid, grunt_megastairs_3
Lair:2:   layout_long_grid, chequers_serial_rivers_marsh,
          infiniplex_staircase_pool, grunt_megastairs_5, lemuel_fruit_fields
Lair:3:   layout_cave_pods, swamp_mist_pool, ebering_ghost_funeral_grove,
          pf_torpor_hydra
Lair:4:   layout_gridlike, minmay_snake_entry_six_corridors,
          gammafunk_ghost_hydra_chop, special_room [special_room_bee],
          beast_lair_carwin_3, lemuel_fruit_fields
Lair:5:   layout_roguey, wad_woods_river_01, lemuel_fruit_fields
Lair:6:   evilmike_catoblepas_cave, layout_big_grid, slime_altar_1,
          gauntlet_entry_generic, pond
Orc:1:    layout_caves, minmay_shop_mayhem, lightli_church_of_beogh
Orc:2:    kennysheep_orc_mage_school, layout_caves, uniq_saint_roka
Abyss:2:  base: D:14, minivault_22

Skill      XL: |  1  2  3  4  5  6  7  8  9 10 11 12 13 14 15 16 |
---------------+-------------------------------------------------+-----
Axes           | 3 4 5 6 7 9 11 13 14 | 14.7
Fighting       | 4 5 8 11 14 15 | 15.0
Shields        | 5 7 9 13 15 | 15.0
Armour         | 4 6 8 10 | 10.0
Throwing       | 6 9 10 | 10.0
Evocations     | 7 9 |  9.8

Action                   |  1- 3 |  4- 6 |  7- 9 | 10-12 | 13-15 | 16-18 || total
-------------------------+-------+-------+-------+-------+-------+-------++-------
Melee: War axe           |    88 |   137 |   196 |   610 |  1317 |   512 ||  2860
       Unarmed           |       |       |       |     2 |       |       ||     2
       Demon trident     |       |       |       |       |    24 |       ||    24
Throw: Javelin           |       |       |     2 |     7 |       |       ||     9
       Boomerang         |       |       |       |       |    12 |     1 ||    13
       Dart              |       |       |       |       |     1 |       ||     1
Invok: Call Merchant     |       |       |       |     1 |     3 |     1 ||     5
       Potion Petition   |       |       |       |       |       |     2 ||     2
 Abil: Dig               |       |     3 |     6 |    11 |     2 |    15 ||    37
Evoke: Wand              |       |       |    27 |     2 |    26 |     7 ||    62
  Use: Scroll            |     5 |     7 |     2 |    10 |     4 |    11 ||    39
       Potion            |       |     1 |     3 |     3 |     6 |     1 ||    14
 Stab: Distracted        |       |       |       |     7 |    14 |     2 ||    23
       Paralysed         |       |       |       |       |    12 |     3 ||    15
       Invisible         |       |       |       |       |       |     4 ||     4
Armor: Scale mail        |    31 |    34 |       |       |       |       ||    65
       Ring mail         |       |    15 |    37 |       |       |       ||    52
       Skin              |       |     8 |       |     1 |       |       ||     9
       Plate armour      |       |       |    23 |   102 |   151 |   161 ||   437
       Chain mail        |       |       |       |   138 |   336 |       ||   474
Dodge: Dodged            |    37 |    44 |    34 |   103 |   327 |    75 ||   620
Block: Kite shield       |    47 |    73 |    74 |       |       |       ||   194
       Tower shield      |       |       |    43 |   539 |  1349 |   432 ||  2363

Table legend: (Time is in decaauts)
 A = Elapsed time spent in this place.
 B = Non-inter-level travel time spent in this place.
 C = Inter-level travel time spent in this place.
 D = Time resting spent in this place.
 E = Time spent auto-exploring this place.
 F = Levels seen in this place.
 G = Mean time per level.
                   A        B        C        D        E       F      G
               +--------+--------+--------+--------+--------+-----+--------+
         Total |  26492 |  25419 |   1073 |   4354 |  15182 |  27 |  981.2 |
       Dungeon |  17073 |  16361 |    712 |   3424 |   9871 |  15 | 1138.2 |
        Temple |    186 |    168 |     18 |      0 |    166 |   1 |  186.0 |
          Lair |   6996 |   6712 |    284 |    806 |   4274 |   6 | 1166.0 |
  Orcish Mines |   1296 |   1238 |     58 |     76 |    758 |   2 |  648.0 |
         Abyss |    264 |    264 |      0 |      0 |      0 |   1 |  264.0 |
        Bailey |    201 |    201 |      0 |      0 |    101 |   1 |  201.0 |
      Gauntlet |    473 |    473 |      0 |     48 |     12 |   1 |  473.0 |
               +--------+--------+--------+--------+--------+-----+--------+

Top non-repeatable levels by time:
     D:7: 2355 daAuts
     D:4: 1938 daAuts
     D:8: 1832 daAuts
     D:6: 1576 daAuts
  Lair:6: 1444 daAuts
  Lair:5: 1417 daAuts
  Lair:4: 1352 daAuts
    D:15: 1197 daAuts
  Lair:3: 1186 daAuts
    D:13: 1174 daAuts
     D:1: 1166 daAuts
     D:3: 981 daAuts
    D:14: 959 daAuts
     D:5: 866 daAuts
   Orc:2: 861 daAuts
